 Dungeon Crawl Stone Soup version 0.31-a0-654-gbe3e110b4e (webtiles) character file.

Game seed: 12019984036946587911

74 cforsyth the Charlatan (level 4, 0/34 HPs)
             Began as a Gnoll Artificer on Aug 29, 2023.
             Succumbed to an adder's poison
             ... on level 3 of the Dungeon.
             The game lasted 00:02:51 (2105 turns).

cforsyth the Charlatan (Gnoll Artificer)            Turns: 2105, Time: 00:02:51

Health: 0/34       AC:  3    Str: 11    XL:     4   Next: 30%
Magic:  5/5        EV: 12    Int: 13    God:
Gold:   141        SH:  0    Dex: 12    Spells: 5/5 levels left

rFire   . . .        r - +0 falchion (flame)
rCold   . . .        (no shield)
rNeg    . . .        b - +0 leather armour
rPois   .            (no helmet)
rElec   .            (no cloak)
rCorr   .            (no gloves)
SInv    .            (no boots)
Will    .....        (no amulet)
Stlth   +            (no ring)
HPRegen 0.25/turn    (no ring)
MPRegen 0.09/turn

%: no passive effects
@: confused, mighty, lethally poisoned (0 -> -6), attractive
A: fangs 1, strong nose, distributed training
a: no special abilities


You were on level 3 of the Dungeon.
You visited 1 branch of the dungeon, and saw 3 of its levels.

You collected 141 gold pieces.

Inventory:

Hand Weapons
 a - a +0 club
 l - a +2 antimagic flail
 r - a +0 falchion of flaming (weapon)
Armour
 b - a +0 leather armour (worn)
Jewellery
 m - a ring of wizardry
 n - a ring of fire
 q - a +6 ring of dexterity
Wands
 c - a wand of flame (13) (quivered)
 d - a wand of charming (14)
 e - a wand of iceblast (5)
Scrolls
 g - a scroll of acquirement {unknown}
 h - 2 scrolls of identify {unknown}
 i - a scroll of teleportation {unknown}
 j - 2 scrolls of enchant armour {unknown}
 p - a scroll of blinking {unknown}
 s - a scroll of noise {unknown}
Potions
 o - a potion of might


   Skills:
 + Level 2.7 Fighting
 + Level 1.1 Short Blades
 + Level 1.1 Long Blades
 + Level 1.1 Axes
 + Level 1.1 Maces & Flails
 + Level 1.1 Polearms
 + Level 1.1 Staves
 + Level 1.1 Ranged Weapons
 + Level 1.1 Throwing
 + Level 4.6 Armour
 + Level 2.7 Dodging
 + Level 2.5 Stealth
 + Level 1.1 Shields
 + Level 1.1 Unarmed Combat
 + Level 1.1 Spellcasting
 + Level 0.8 Conjurations
 + Level 0.8 Hexes
 + Level 0.8 Summonings
 + Level 0.8 Necromancy
 + Level 0.8 Translocations
 + Level 0.8 Transmutations
 + Level 0.8 Fire Magic
 + Level 0.8 Ice Magic
 + Level 0.8 Air Magic
 + Level 0.8 Earth Magic
 + Level 0.8 Poison Magic
 + Level 1.2 Invocations
 + Level 6.6 Evocations
 + Level 1.0 Shapeshifting


You had 5 spell levels left.
You didn't know any spells.
Your spell library was empty.

Dungeon Overview and Level Annotations

Branches:
Dungeon (3/15)

Altars:


Innate Abilities, Weirdness & Mutations

You have very sharp teeth.
Your uncanny sense of smell can sniff out nearby items.
Your experience applies equally to all skills.


Message History

The adder poisons you!
The ball python attacks as it pursues you!
The ball python bites you but does no damage.
The ball python grabs you. The ball python constricts you. The adder bites you.
* * * LOW HITPOINT WARNING * * *
You are more poisoned.
The adder poisons you! Something hits you but does no damage.
The orc is attracted toward you.
You escape the ball python's grasp.
* * * LOW HITPOINT WARNING * * *
You feel very sick. The adder attacks as it pursues you! The adder bites you.
* * * LOW HITPOINT WARNING * * *
You are more poisoned.
The adder poisons you! Something hits you.
* * * LOW HITPOINT WARNING * * *
Unknown command.
You miss the adder.
* * * LOW HITPOINT WARNING * * *
You feel very sick. The adder bites you but does no damage.
The orc hits you but does no damage. Something hits you.
* * * LOW HITPOINT WARNING * * *
The adder bites you but does no damage.
Unknown command.
Unknown command.
Unknown command.
You're too confused to move!
* * * LOW HITPOINT WARNING * * *
You feel very sick.
A bat comes into view.
The adder barely misses you. The orc closely misses you.
Something completely misses you.
The bat moves out of view.
You feel less invigorated.
* * * LOW HITPOINT WARNING * * *
You feel sick.
* * * LOW HITPOINT WARNING * * *
You feel sick. The adder bites you.
* * * LOW HITPOINT WARNING * * *
You die...

'... ∆ .. #....
#.. .....# #.#
......#### ##.##
.<.......###...#
......#Jg.##...# #
.....ooooS{#?..#.#
....##.###So.....#
## #. ##.@.#####
#. ###....).#
..#......###†#
....##.......#
∆..$ #?.....†#####
##. #..$........#
#....##.....# ∆
#.........>.#
#.#####.###.#


You could see a jelly, an adder, 3 orcs, a hobgoblin and a ball python.

Vanquished Creatures
  2 adders (D:2)
  2 dart slugs (D:1)
  9 bats
  3 endoplasms (D:2)
  3 giant cockroaches
  3 goblins
  6 hobgoblins
  2 jackals (D:3)
  3 kobolds
  4 quokkas
  2 ball pythons
  2 frilled lizards
  9 rats
50 creatures vanquished.

Vanquished Creatures (others)
  An adder (D:2)
1 creature vanquished.

Grand Total: 51 creatures vanquished

Notes
Turn   | Place    | Note
-------+----------+-------------------------------------------
     0 | D:1      | cforsyth the Gnoll Artificer began the quest for the Orb.
     0 | D:1      | Reached XP level 1. HP: 17/17 MP: 1/1
   246 | D:1      | Reached XP level 2. HP: 13/23 MP: 2/2
   517 | D:1      | Found a faded altar of an unknown god.
   705 | D:1      | Reached XP level 3. HP: 26/28 MP: 1/3
   990 | D:2      | Reached skill level 1 in Invocations
  1076 | D:2      | Reached skill level 1 in Short Blades
  1076 | D:2      | Reached skill level 1 in Long Blades
  1076 | D:2      | Reached skill level 1 in Axes
  1076 | D:2      | Reached skill level 1 in Maces & Flails
  1076 | D:2      | Reached skill level 1 in Polearms
  1076 | D:2      | Reached skill level 1 in Staves
  1076 | D:2      | Reached skill level 1 in Ranged Weapons
  1076 | D:2      | Reached skill level 1 in Throwing
  1076 | D:2      | Reached skill level 1 in Shields
  1076 | D:2      | Reached skill level 1 in Unarmed Combat
  1076 | D:2      | Reached skill level 1 in Spellcasting
  1101 | D:2      | Reached XP level 4. HP: 8/34 MP: 1/5
  1251 | D:2      | Reached skill level 1 in Shapeshifting
  2009 | D:3      | HP: 1/34 [kobold/+0 short sword (3)]
  2104 | D:3      | HP: 1/34 [adder (2)]
  2105 | D:3      | Succumbed to an adder's poison

Illustrated notes

Levels and vault maps discovered:
D:1:      dpeg_cavernosity, layout_basic, chequers_ecumenical_altar_simple
D:2:      layout_basic
D:3:      layout_basic, dk_vineyard_1

Skill      XL: |  1  2  3  4 |
---------------+-------------+-----
Invocations    | 1 |  1.2
Short Blades   | 1 |  1.1
Long Blades    | 1 |  1.1
Axes           | 1 |  1.1
Maces & Flails | 1 |  1.1
Polearms       | 1 |  1.1
Staves         | 1 |  1.1
Ranged Weapons | 1 |  1.1
Throwing       | 1 |  1.1
Shields        | 1 |  1.1
Unarmed Combat | 1 |  1.1
Spellcasting   | 1 |  1.1
Shapeshifting  | 1 |  1.0
Fighting       | |  2.7
Armour         | |  4.6
Dodging        | |  2.7
Stealth        | |  2.5
Conjurations   | |  0.8
Hexes          | |  0.8
Summonings     | |  0.8
Necromancy     | |  0.8
Translocations | |  0.8
Transmutations | |  0.8
Fire Magic     | |  0.8
Ice Magic      | |  0.8
Air Magic      | |  0.8
Earth Magic    | |  0.8
Poison Magic   | |  0.8
Evocations     | |  6.6

Action                     |  1- 3 |  4- 6 || total
---------------------------+-------+-------++-------
  Melee: Club              |    76 |       ||    76
         Bite              |    11 |     5 ||    16
         Punch             |     2 |       ||     2
         Flail             |    59 |     9 ||    68
         Falchion          |       |    38 ||    38
  Evoke: Wand              |     2 |     1 ||     3
    Use: Potion            |       |     4 ||     4
   Stab: Sleeping          |     6 |     1 ||     7
 Armour: Leather armour    |    58 |    16 ||    74
  Dodge: Dodged            |   146 |    50 ||   196

Table legend: (Time is in decaauts)
 A = Elapsed time spent in this place.
 B = Non-inter-level travel time spent in this place.
 C = Inter-level travel time spent in this place.
 D = Time resting spent in this place.
 E = Time spent auto-exploring this place.
 F = Levels seen in this place.
 G = Mean time per level.
                   A        B        C        D        E       F      G
               +--------+--------+--------+--------+--------+-----+--------+
         Total |   2161 |   2110 |     51 |     96 |   1545 |   3 |  720.3 |
       Dungeon |   2161 |   2110 |     51 |     96 |   1545 |   3 |  720.3 |
               +--------+--------+--------+--------+--------+-----+--------+

Top non-repeatable levels by time:
     D:1: 1049 daAuts
     D:2: 947 daAuts
     D:3: 165 daAuts
